 Dungeon Crawl Stone Soup version 0.27-a0-249-g74f53ef629 (webtiles) character file.

Game seed: 17197007483019413122

981 hatsuma the Ducker (level 7, 0/59 HPs)
             Began as a Demigod Transmuter on Feb 3, 2021.
             Succumbed to a scorpion's poison
             ... on level 4 of the Dungeon on Feb 4, 2021.
             The game lasted 00:34:43 (6323 turns).

hatsuma the Ducker (Demigod Transmuter)             Turns: 6323, Time: 00:34:43

Health: 0/59       AC:  4    Str: 15    XL:     7   Next: 64%
Magic:  13/13      EV: 15    Int: 17    God:
Gold:   93         SH:  0    Dex: 18    Spells: 4/10 levels left

rFire    . . .     SeeInvis .     - Unarmed
rCold    . . .     Faith    .   (no shield)
rNeg     + . .     Spirit   .   d - +2 robe {rN+}
rPois    .         Reflect  .   (helmet currently unavailable)
rElec    .         Harm     .   (no cloak)
rCorr    .         Rampage  .   (no gloves)
Will     .....                  (boots currently unavailable)
Stlth    ++........             j - amulet of the acrobat
HPRegen  0.19/turn              e - ring of flight (curse)
MPRegen  0.13/turn              (no ring)

@: mighty, lethally poisoned (0 -> -13), appendages
A: horns 2, talons 2, high mp 1
a: End Transformation, Evoke Flight


You were on level 4 of the Dungeon.
You had grown temporary horns.
You had grown temporary talons.
You visited 1 branch of the dungeon, and saw 5 of its levels.

You collected 200 gold pieces.
You spent 107 gold pieces at shops.

Inventory:

Missiles
 i - 134 stones (quivered)
 k - 5 javelins
 s - 7 atropa-tipped darts
Armour
 d - a +2 robe of positive energy (worn)
 w - a +2 kite shield
Jewellery
 e - a cursed ring of flight (left hand)
 j - an amulet of the acrobat (around neck)
 l - an uncursed amulet of guardian spirit
Wands
 p - a wand of paralysis (8)
Scrolls
 c - 3 scrolls of amnesia
 f - 2 scrolls of remove curse
 n - a scroll of magic mapping {unknown}
 o - 2 scrolls of fog {unknown}
 u - 2 scrolls of teleportation {unknown}
 v - a scroll of blinking {unknown}
Potions
 a - a potion of magic {unknown}
 b - 2 potions of attraction
 g - 2 potions of invisibility {unknown}
 h - 2 potions of degeneration {unknown}
 m - 3 potions of curing {unknown}
 q - a potion of resistance {unknown}
 r - 2 potions of might
 t - a potion of lignification {unknown}


   Skills:
 - Level 4.1 Fighting
 + Level 5.0 Dodging
 - Level 4.3 Unarmed Combat
 - Level 2.0 Spellcasting
 - Level 4.2 Transmutations


You had 4 spell levels left.
You knew the following spells:

 Your Spells              Type           Power        Failure   Level
a - Beastly Appendage     Tmut           32%          3%          1
b - Wereblood             Tmut           16%          4%          2
c - Spider Form           Tmut/Pois      4%           24%         3

Your spell library contained the following spells:

 Spells                   Type           Power        Failure   Level
 Confusing Touch          Hex            1%           50%         3
 Gell's Gravitas          Tloc           0%           50%         3
 Ice Form                 Ice/Tmut       9%           63%         4
 Petrify                  Tmut/Erth      9%           63%         4
 Blade Hands              Tmut           8%           67%         5
 Yara's Violent Unravell  Hex/Tmut       4%           92%         5
 Metabolic Englaciation   Hex/Ice        0%           99%         5


Dungeon Overview and Level Annotations

Branches:
Dungeon (5/15)
 Temple: D:4-7

Shops:
D:5 [

Annotations:
D:2 1 runed translucent door, Crazy Yiuf
D:4 Edmund
D:5 3 runed translucent doors, Stevanos's ghost, amateur DECj


Innate Abilities, Weirdness & Mutations

You have an increased reservoir of magic. (+10% MP)
You have a pair of horns on your head.
You have razor-sharp toenails.


Message History

* * * LOW HITPOINT WARNING * * *
You are lethally poisoned!
The scorpion poisons you!
You hit the scorpion.
You headbutt the scorpion, but do no damage.
The scorpion is almost dead.
* * * LOW HITPOINT WARNING * * *
You feel sick. The scorpion barely misses you.
You hit the scorpion but do no damage.
The scorpion is almost dead.
* * * LOW HITPOINT WARNING * * *
You feel sick. The scorpion closely misses you.
You hit the scorpion but do no damage. You claw the scorpion.
You kill the scorpion!
* * * LOW HITPOINT WARNING * * *
You feel sick.
Your Dodging skill increases to level 5!
It was a potion of might.
You feel very mighty all of a sudden.
You die...

...####..........................
...# ##..........................
...###..###.................##...
....#..## ##........##..##..#####
.......# ##..........###..## #
#......# ###.........# ##..#
##.....#####...........####..####
#..#...............>....###..##.
##....##......†@...##....##.....
# #...#######......#####.........
###..## ###....# #.........
.##...#### ##...## ##.........
.#.......######.....###....#..#..
...#................#.........###
...#...##....................## #
...##..#####....#............#
...##..## ###..#..#####.....#


There were no monsters in sight!

Vanquished Creatures
  Grinder (D:5)
  Menkaure (D:3)
  2 scorpions
  A howler monkey (D:4)
  A hound (D:5)
  A bullfrog skeleton (D:5)
  An orc priest (D:5)
  2 iguanas
  A jelly (D:5)
  4 orc wizards
  3 worker ants (D:4)
  A hound skeleton (D:5)
  A howler monkey skeleton (D:4)
  5 adders
  A shadow imp (D:5)
  2 oozes
  An adder skeleton (D:5)
  4 worms
  A dart slug (D:1)
  4 leopard geckos
  8 orcs
  10 giant cockroaches
  5 goblins
  5 hobgoblins (D:2)
  8 jackals
  7 kobolds
  A quokka (D:3)
  7 bats
  5 frilled lizards
  A leopard gecko skeleton (D:4)
  2 rats (D:1)
97 creatures vanquished.

Vanquished Creatures (others)
  23 plants (D:3)
23 creatures vanquished.

Grand Total: 120 creatures vanquished

Notes
Turn   | Place    | Note
-------+----------+-------------------------------------------
     0 | D:1      | hatsuma the Demigod Transmuter began the quest for the Orb.
     0 | D:1      | Reached XP level 1. HP: 15/15 MP: 5/5
    18 | D:1      | Reached skill level 1 in Fighting
   152 | D:1      | Reached skill level 2 in Dodging
   383 | D:1      | Reached XP level 2. HP: 21/23 MP: 5/7
   386 | D:1      | Learned a level 2 spell: Wereblood
  1137 | D:2      | Reached XP level 3. HP: 21/29 MP: 5/8
  1195 | D:2      | Learned a level 3 spell: Spider Form
  1495 | D:2      | Found a runed translucent door.
  1496 | D:2      | Noticed Crazy Yiuf
  1603 | D:2      | Found an iron altar of Okawaru.
  2199 | D:3      | Found a bloodstained altar of Trog.
  2289 | D:3      | Reached XP level 4. HP: 25/36 MP: 7/9
  3059 | D:4      | Reached XP level 5. HP: 25/45 MP: 8/10
  3065 | D:4      | Noticed Edmund
  3071 | D:4      | Noticed Menkaure
  3089 | D:3      | Killed Menkaure
  3384 | D:4      | Reached XP level 6. HP: 30/51 MP: 9/11
  3935 | D:4      | Reached skill level 3 in Dodging
  4465 | D:4      | Found a bloodstained altar of Trog.
  5244 | D:5      | Entered Level 5 of the Dungeon
  5244 | D:5      | Found Roug's Antique Armour Emporium.
  5495 | D:5      | Noticed Grinder
  5510 | D:5      | Killed Grinder
  5511 | D:5      | Reached skill level 4 in Dodging
  5511 | D:5      | Reached XP level 7. HP: 16/57 MP: 13/13
  5734 | D:5      | Bought a runed robe for 107 gold pieces
  5998 | D:5      | Found a runed translucent gate.
  5999 | D:5      | Found a runed translucent gate.
  6000 | D:5      | Found a runed translucent gate.
  6002 | D:5      | Noticed Stevanos's ghost (amateur DECj)
  6224 | D:5      | Found an ancient bone altar of Kikubaaqudgha.
  6321 | D:4      | HP: 2/59 [poisoned by a scorpion]
  6323 | D:4      | Reached skill level 5 in Dodging
  6323 | D:4      | Succumbed to a scorpion's poison

Illustrated notes

Levels and vault maps discovered:
D:1:      amcnicky_arrival_choice, layout_rooms, amethyst_killhole
D:2:      layout_loops_cross, okawaru_metal_pillars_3, solitary_fountain,
          uniq_crazy_yiuf_cottage
D:3:      layout_rooms, serial_bayou, serial_bayou_shore_a, serial_bayou_pond_a,
          serial_bayou_lake_a, serial_bayou_crossing, trog_three_pillars_becter
D:4:      layout_layer_cave, bloody_trog, uniq_menkaure, uniq_edmund
D:5:      layout_rooms, lemuel_doored_altar, nicolae_overflow_crystal_walls,
          gammafunk_ghost_necromancy, serial_shops, nicolae_shop_waterfront,
          minmay_misc_feat_square, uniq_grinder

Skill      XL: |  1  2  3  4  5  6  7 |
---------------+----------------------+-----
Fighting       | 1 2 3 4 |  4.1
Transmutations | 2 3 4 |  4.2
Dodging        | 2 4 5 |  5.0
Spellcasting   | 2 |  2.0
Unarmed Combat | 3 4 |  4.3

Action                   |  1- 3 |  4- 6 |  7- 9 || total
-------------------------+-------+-------+-------++-------
Melee: Unarmed           |   153 |   185 |    53 ||   391
       Kick              |    20 |    32 |    13 ||    65
       Headbutt          |    12 |    28 |     6 ||    46
       Punch             |       |     3 |       ||     3
Throw: Stone             |     1 |     4 |       ||     5
 Cast: Beastly Appendage |    16 |    14 |     5 ||    35
       Wereblood         |     8 |     3 |     2 ||    13
       Spider Form       |       |     1 |       ||     1
  Use: Scroll            |     3 |     1 |       ||     4
       Potion            |       |     2 |     1 ||     3
 Stab: Sleeping          |     5 |     1 |       ||     6
Armor: Robe              |    29 |    14 |    13 ||    56
Dodge: Dodged            |   113 |   116 |    51 ||   280

Table legend: (Time is in decaauts)
 A = Elapsed time spent in this place.
 B = Non-inter-level travel time spent in this place.
 C = Inter-level travel time spent in this place.
 D = Time resting spent in this place.
 E = Time spent auto-exploring this place.
 F = Levels seen in this place.
 G = Mean time per level.
                   A        B        C        D        E       F      G
               +--------+--------+--------+--------+--------+-----+--------+
         Total |   6339 |   6214 |    125 |   1867 |   1941 |   5 | 1267.8 |
       Dungeon |   6339 |   6214 |    125 |   1867 |   1941 |   5 | 1267.8 |
               +--------+--------+--------+--------+--------+-----+--------+

Top non-repeatable levels by time:
     D:4: 1689 daAuts
     D:3: 1648 daAuts
     D:2: 1105 daAuts
     D:5: 1062 daAuts
     D:1: 834 daAuts
